 Dungeon Crawl Stone Soup version 0.28-a0-199-g298df9dbad (webtiles) character file.

Game seed: 10385686999647753563

941 willcat the Covert (level 8, 0/46 HPs)
             Began as a Kobold Delver on Aug 19, 2021.
             Was a Believer of Okawaru.
             Slain by Joseph (2 damage)
             ... on level 7 of the Dungeon.
             The game lasted 00:04:33 (3182 turns).

willcat the Covert (Kobold Delver)                  Turns: 3182, Time: 00:04:34

Health: 0/46       AC:  5    Str:  9    XL:     8   Next: 34%
Magic:  8/8        EV: 16    Int: 13    God:    Okawaru [**....]
Gold:   52         SH:  6    Dex: 17    Spells: 7/7 levels left

rFire   . . .      SeeInvis .   q - +2 dagger (venom)
rCold   . . .      Faith    .   m - +0 buckler
rNeg    . . .      Spirit   .   j - +2 leather armour {rPois}
rPois   +          Reflect  .   (no helmet)
rElec   .          Harm     .   (no cloak)
rCorr   .          Rampage  .   (no gloves)
Will    .....                   (no boots)
Stlth   +++++.....              (no amulet)
HPRegen 0.15/turn               (no ring)
MPRegen 0.11/turn               (no ring)

@: no status effects
A: small, no large weapons, nightstalker 3
a: Renounce Religion, Heroism


You were on level 7 of the Dungeon.
You worshipped Okawaru.
Okawaru was pleased with you.
You visited 2 branches of the dungeon, and saw 4 of its levels.

You collected 52 gold pieces.

Inventory:

Hand Weapons
 a - a +0 short sword
 q - a +2 dagger of venom (weapon)
Missiles
 n - a curare-tipped dart (quivered)
Armour
 b - a +0 leather armour
 j - a +2 leather armour of poison resistance (worn)
 m - a +0 buckler (worn)
Magical Staves
 k - a staff of death
Jewellery
 i - a +6 ring of intelligence
 p - a ring of resist corrosion
Wands
 e - a wand of mindburst (7)
 g - a wand of digging (5)
 h - a wand of paralysis (4)
Scrolls
 d - a scroll of magic mapping
 l - 4 scrolls of identify
 r - a scroll of noise {unknown}
Potions
 f - a potion of haste


   Skills:
 - Level 3.2 Fighting
 + Level 6.5 Short Blades
 + Level 5.9 Dodging
 + Level 9.3 Stealth
 + Level 3.3 Shields


You had 7 spell levels left.
You didn't know any spells.
Your spell library was empty.

Dungeon Overview and Level Annotations

Branches:
Dungeon (7/15)             Temple (1/1) D:5

Altars:
Ashenzari
Dithmenos
Fedhas
Gozag
Hepliaklqana
Kikubaaqudgha
Makhleb
Okawaru
Qazlal
Ru
Sif Muna
Trog
Uskayaw
Vehumet
Wu Jian
Xom
Yredelemnul
Zin
The Shining One

Shops:
D:5 [   D:7 ?

Annotations:
D:7 Joseph


Innate Abilities, Weirdness & Mutations

You are small and have problems with some larger weapons.
You are completely attuned to the shadows.


Message History

Joseph is moderately wounded.
You hit Joseph but do no damage.
Joseph looks as sick as possible!
Joseph is moderately wounded.
Joseph unwields a +0 hunting sling.
Joseph wields a +0 quarterstaff.
Joseph misses you.
You hit Joseph.
Joseph looks as sick as possible!
Joseph is moderately wounded.
Joseph hits you but does no damage.
You hit Joseph.
Joseph looks as sick as possible!
Joseph is moderately wounded.
You hit Joseph but do no damage.
Joseph looks as sick as possible!
Joseph is moderately wounded.
Joseph hits you with a +0 quarterstaff.
You barely miss Joseph.
Joseph is moderately wounded.
You block Joseph's attack.
You hit Joseph.
Joseph looks as sick as possible!
Joseph is heavily wounded.
You hit Joseph.
Joseph is heavily wounded.
Joseph hits you with a +0 quarterstaff!
You closely miss Joseph.
Joseph is heavily wounded.
Joseph completely misses you.
You closely miss Joseph.
Joseph is heavily wounded.
Joseph completely misses you.
You hit Joseph but do no damage.
Joseph looks as sick as possible!
Joseph is heavily wounded.
You hit Joseph but do no damage.
Joseph looks as sick as possible!
Joseph is heavily wounded.
Joseph hits you with a +0 quarterstaff!
You hit Joseph.
Joseph looks as sick as possible!
Joseph is severely wounded.
Joseph hits you with a +0 quarterstaff!
* * * LOW HITPOINT WARNING * * *
Okay, then.
As you read the scroll of fog, it crumbles to dust.
The scroll dissolves into smoke.
Joseph hits you with a +0 quarterstaff.
You die...

#...#######...........
#.##.....##.###.#.)###
#.###..####>....#..#
#.# #.......#........
#.###....##.#...#..##
#.........#.# .#
#.##..§§.§§.#
#.###.§§§§#..
#.....§§@#.##
#######@## #Z.# #.#..
#.##Z# #>. ..


You could see Joseph (extremely poisoned) and a wyvern skeleton.

Vanquished Creatures
  A steam dragon (D:6)
  An ice beast (D:5)
  A black bear (D:6)
  An ogre (D:5)
  An orc warrior (D:6)
  A centaur (D:6)
  A phantom (D:6)
  A kobold brigand (D:5)
  A bullfrog (D:6)
  A hound (D:5)
  A bullfrog skeleton (D:5)
  An iguana (D:6)
  3 howler monkey zombies
  An adder (D:5)
  A dart slug (D:5)
  6 orcs
  20 kobolds (D:5)
43 creatures vanquished.

Vanquished Creatures (others)
  An orc wizard (D:6)
  30 plants
  4 withered plants (D:7)
35 creatures vanquished.

Grand Total: 78 creatures vanquished

Notes
Turn   | Place    | Note
-------+----------+-------------------------------------------
     0 | D:5      | willcat the Kobold Delver began the quest for the Orb.
     0 | D:5      | Reached XP level 1. HP: 14/14 MP: 1/1
    82 | D:5      | Found an ancient bone altar of Kikubaaqudgha.
   253 | D:5      | Reached XP level 2. HP: 19/19 MP: 2/2
   312 | D:5      | Reached skill level 7 in Stealth
   312 | D:5      | Reached XP level 3. HP: 3/23 MP: 3/3
   709 | D:5      | Found a staircase to the Ecumenical Temple.
   709 | D:5      | Noticed an ogre
   712 | D:5      | Reached XP level 4. HP: 28/28 MP: 4/4
   719 | D:5      | Killed an ogre
   720 | D:5      | Reached skill level 1 in Shields
   720 | D:5      | Reached XP level 5. HP: 32/32 MP: 5/5
   728 | Temple   | Entered the Ecumenical Temple
   850 | Temple   | Became a worshipper of Warmaster Okawaru
   933 | D:5      | Noticed an ice beast
   943 | D:5      | Killed an ice beast
   944 | D:5      | Reached XP level 6. HP: 16/37 MP: 6/6
  1280 | D:5      | Found Ramp's Armour Shoppe.
  1378 | D:5      | Reached skill level 5 in Short Blades
  1378 | D:5      | Reached skill level 8 in Stealth
  2103 | D:5      | Reached XP level 7. HP: 34/41 MP: 7/7
  2413 | D:6      | Found a blossoming altar of Fedhas.
  2418 | D:6      | Reached * piety under Okawaru
  2419 | D:6      | Reached skill level 5 in Dodging
  2423 | D:6      | Noticed a steam dragon
  2444 | D:6      | Killed a steam dragon
  2460 | D:6      | Found a glowing silver altar of Zin.
  2729 | D:6      | Reached XP level 8. HP: 13/46 MP: 8/8
  2951 | D:6      | Reached skill level 9 in Stealth
  3058 | D:6      | Reached ** piety under Okawaru
  3137 | D:7      | Found Yrcheomab's Magic Scroll Boutique.
  3158 | D:7      | Noticed Joseph
  3181 | D:7      | HP: 2/46 [Joseph (12)]
  3182 | D:7      | Slain by Joseph

Illustrated notes

Levels and vault maps discovered:
D:5:      kennysheep_kobold_camp, layout_basic, tgw_kikubaaqudgha,
          minmay_temple_entry_arrows, serial_shops, kennysheep_mini_moat,
          corexii_corridor_pit, water_maze_lemuel
D:6:      layout_rooms, zin_treasury, fedhas_altar_1
D:7:      layout_loops_ring, lemuel_coloured_pillars_altar, serial_undead,
          serial_undead_c, serial_undead_a, serial_undead_c, serial_undead_f,
          serial_undead_c, serial_shops, nicolae_take_the_stairs, uniq_joseph
Temple:   compressed_dpeg_circular_temple

Skill      XL: |  1  2  3  4  5  6  7  8 |
---------------+-------------------------+-----
Short Blades   | 3 4 5 6 |  6.5
Dodging        | 3 4 5 |  5.9
Stealth        | 7 8 9 |  9.3
Shields        | 1 2 3 |  3.3
Fighting       | |  3.2

Action                   |  1- 3 |  4- 6 |  7- 9 || total
-------------------------+-------+-------+-------++-------
Melee: Short sword       |    24 |   100 |       ||   124
       Dagger            |       |    20 |    51 ||    71
Evoke: Wand              |       |     2 |       ||     2
  Use: Potion            |       |     1 |       ||     1
       Scroll            |       |       |     5 ||     5
 Stab: Sleeping          |     3 |     4 |     7 ||    14
       Paralysed         |       |     1 |       ||     1
       Distracted        |       |       |     1 ||     1
Armor: Leather armour    |     6 |    19 |     3 ||    28
Dodge: Dodged            |    10 |    57 |    31 ||    98
Block: Buckler           |     3 |    21 |     7 ||    31

Table legend: (Time is in decaauts)
 A = Elapsed time spent in this place.
 B = Non-inter-level travel time spent in this place.
 C = Inter-level travel time spent in this place.
 D = Time resting spent in this place.
 E = Time spent auto-exploring this place.
 F = Levels seen in this place.
 G = Mean time per level.
                   A        B        C        D        E       F      G
               +--------+--------+--------+--------+--------+-----+--------+
         Total |   3155 |   3069 |     86 |    839 |   1697 |   4 |  788.8 |
       Dungeon |   2754 |   2690 |     64 |    839 |   1342 |   3 |  918.0 |
        Temple |    401 |    379 |     22 |      0 |    355 |   1 |  401.0 |
               +--------+--------+--------+--------+--------+-----+--------+

Top non-repeatable levels by time:
     D:5: 1915 daAuts
     D:6: 782 daAuts
  Temple: 401 daAuts
     D:7: 56 daAuts
